 Dungeon Sprint DCSS version 0.27-a0-819-g058290f16d (webtiles) character file.

Game seed: 9491147774616808472

188770 rocky1 the Ruinous (level 17, -26/137 (144) HPs)
             Began as a Demonspawn Earth Elementalist on Mar 30, 2021.
             Was the Champion of Sif Muna.
             Killed from afar by an ancient lich (52 damage)
             ... with a crystal spear
             ... in the Dungeon (Sprint VII: "The Pits").
             The game lasted 01:34:45 (9441 turns).

rocky1 the Ruinous (Demonspawn Earth Elementalist)  Turns: 9441, Time: 01:34:47

HP:   -26/137 (144) AC: 10    Str: 10    XL:     17   Next: 48%
MP:   51/51         EV: 13    Int: 28    God:    Sif Muna [******]
Gold: 127           SH:  0    Dex: 24    Spells: 18/58 levels left

rFire    + + +     SeeInvis .   n - staff of earth
rCold    + . .     Faith    .   i - +1 buckler
rNeg     . . .     Spirit   .   t - +2 robe {Archmagi}
rPois    +         Reflect  .   z - +2 helmet
rElec    +         Harm     .   (no cloak)
rCorr    .         Rampage  .   (gloves unavailable)
Will     +....     Clarity  +   A - +2 pair of boots Stlth ++++......NoTele +
                                L - amulet "Taergh" {RegenMP rElec rPois rC+ Str-3}
HPRegen  0.32/turn              k - ring of Arrival {rF++ Dex+6}
MPRegen  0.57/turn              x - ring of Unatuipp {rF+ MP+9 Str+3 Dex+4}

@: petrifying (expiring), lightly drained, very slow
A: claws 3, spiny 3, big brain 2, demonic magic 3, clarity, clever 1
}: 1/3 runes: silver
a: Renounce Religion, Channel Magic, Forget Spell, Divine Exegesis


You were in the Dungeon.
You worshipped Sif Muna.
Sif Muna was exalted by your worship.
You visited 1 branch You collected 127 gold pieces.

Inventory:

Hand Weapons
 s - a +9 scimitar of flaming
 H - the +7 scimitar of Hoimnub {freeze, Dex+7}
   (You took it off a vampire in the Dungeon)

   It has been specially enchanted to freeze those struck by it, causing extra
   injury to most foes and up to half again as much damage against particularly
   susceptible opponents.
   It can also slow down cold-blooded creatures.
   It affects your dexterity (+7).
Missiles
 b - 226 stones (quivered)
Armour
 i - a +1 buckler (worn)
 t - a +2 robe of the Archmagi (worn)
 z - a +2 helmet (worn)
 A - a +2 pair of boots (worn)
 F - the +1 scale mail of Muoror {Harm Regen+ rCorr MP+9}
   (You found it in the Dungeon)

   It affects your magic capacity (+9).
   It increases your rate of health regeneration.
   It protects you from acid and corrosion.
   It increases damage dealt and taken.
 I - a +2 tower shield
Magical Staves
 n - a staff of earth (weapon)
 G - a staff of cold
Jewellery
 k - the ring of Arrival (left claw) {rF++ Dex+6}
   (You found it in the Dungeon)

   [ring of dexterity]

   It affects your dexterity (+6).
   It greatly protects you from fire.
 o - the ring of Gozag's Pride {rPois Will+++ Str+6 Dex-5 Stlth-}
   (You found it in the Dungeon)

   [ring of strength]

   It affects your strength (+6).
   It affects your dexterity (-5).
   It protects you from poison.
   It greatly increases your willpower.
   It makes you less stealthy.
 x - the ring of Unatuipp (right claw) {rF+ MP+9 Str+3 Dex+4}
   (You found it in the Dungeon)

   [ring of protection from fire]

   It affects your strength (+3).
   It affects your dexterity (+4).
   It protects you from fire.
   It affects your magic capacity (+9).
 E - the ring of Orthodoxy {rC+ Int+6}
   (You found it in the Dungeon)

   [ring of intelligence]

   It affects your intelligence (+6).
   It protects you from cold.
 L - the amulet "Taergh" (around neck) {RegenMP rElec rPois rC+ Str-3}
   (You found it in the Dungeon)

   [amulet of magic regeneration]

   It increases your rate of magic regeneration.
   It affects your strength (-3).
   It protects you from cold.
   It insulates you from electricity.
   It protects you from poison.
 V - the ring of Autumn {Wiz rElec rN+ Dex-5}
   (You found it in the Dungeon)

   [ring of wizardry]

   It improves your spell success rate.
   It affects your dexterity (-5).
   It insulates you from electricity.
   It protects you from negative energy.
 X - the ring of Yrepseuv {+Blink +Inv Int+4 SInv}
   (You found it in the Dungeon)

   [ring of see invisible]

   It affects your intelligence (+4).
   It lets you see invisible.
   It lets you turn invisible.
   It lets you blink.
 Z - the ring "Zoupim" {*Corrode +Fly rC++ rN+}
   (You found it in the Dungeon)

   [ring of positive energy]

   It greatly protects you from cold.
   It protects you from negative energy.
   It grants you flight.
   It may corrode you when you take damage.
Scrolls
 u - a scroll of fog
 v - 3 scrolls of fear
 y - 7 scrolls of identify
 B - 8 scrolls of enchant weapon
Potions
 a - 2 potions of invisibility
 c - 2 potions of resistance
 d - 10 potions of curing
 e - 16 potions of heal wounds
 f - 7 potions of haste
 g - 8 potions of magic
 h - 6 potions of berserk rage
 l - 4 potions of mutation
 m - a potion of ambrosia
 p - 5 potions of might
 r - 3 potions of brilliance
 C - a potion of lignification
Miscellaneous
 q - a condenser vane


   Skills:
 - Level 16.1 Fighting
 - Level 7.1 Long Blades
 - Level 12.0 Staves
 - Level 14.9 Dodging
 - Level 7.2 Stealth
 - Level 9.6 Shields
 + Level 21.1 Spellcasting
 + Level 21.9 Conjurations
 - Level 10.7 Necromancy
 - Level 7.2 Translocations
 - Level 10.8 Transmutations
 + Level 18.9 Fire Magic
 - Level 20.4 Earth Magic
 - Level 15.2 Invocations
 - Level 8.8 Evocations


You had 18 spell levels left.
You knew the following spells:

 Your Spells              Type           Power      Damage    Failure   Level
a - Lehudib's Crystal Sp  Conj/Erth      73%        10d17     1%          8
b - Stone Arrow           Conj/Erth      100%       3d13      0%          3
c - Lee's Rapid Deconstr  Erth           72%        3d34*     0%          5
d - Statue Form           Tmut/Erth      88%        N/A       1%          6
e - Blink                 Tloc           N/A        N/A       1%          2
h - Orb of Destruction    Conj           62%        9d17      1%          7
i - Fire Storm            Conj/Fire      60%        8d15      30%         9

Your spell library contained the following spells:

 Spells                   Type           Power      Damage    Failure   Level
 Animate Skeleton         Necr           100%       N/A       0%          1
 Beastly Appendage        Tmut           100%       N/A       0%          1
 Foxfire                  Conj/Fire      100%       2x1d9     0%          1
 Magic Dart               Conj           100%       1d8       0%          1
 Pain                     Necr           100%       1d9       0%          1
 Sandblast                Erth           100%       2d20      0%          1
 Shock                    Conj/Air       100%       1d9       0%          1
 Passwall                 Tmut/Erth      100%       N/A       0%          2
 Searing Ray              Conj           100%       3d7       0%          2
 Conjure Flame            Conj/Fire      100%       6-21      0%          3
 Sticky Flame             Conj/Fire      100%       2d11      0%          4
 Bolt of Magma            Conj/Fire/Erth 72%        4d28      0%          5
 Fireball                 Conj/Fire      60%        3d23      0%          5
 Iskenderun's Battlesphe  Conj           100%       2d15      0%          5
 Apportation              Tloc           100%       N/A       1%          1
 Corona                   Hex            48%        N/A       1%          1
 Freeze                   Ice            100%       1d11      1%          1
 Sting                    Tmut/Pois      100%       1d8       1%          1
 Summon Small Mammal      Summ           100%       N/A       1%          1
 Call Imp                 Summ           44%        N/A       1%          2
 Corpse Rot               Necr/Air       N/A        N/A       1%          2
 Ensorcelled Hibernation  Hex/Ice        88%        N/A       1%          2
 Poisonous Vapours        Pois/Air       88%        N/A       1%          2
 Slow                     Hex            44%        N/A       1%          2
 Sublimation of Blood     Necr           47%        N/A       1%          2
 Swiftness                Air            44%        N/A       1%          2
 Wereblood                Tmut           94%        N/A       1%          2
 Dazzling Flash           Conj/Hex       100%       N/A       1%          3
 Gell's Gravitas          Tloc           40%        N/A       1%          3
 Ignite Poison            Fire/Tmut/Pois 91%        N/A       1%          3
 Inner Flame              Hex/Fire       89%        N/A       1%          3
 Lesser Beckoning         Tloc           40%        N/A       1%          3
 Mephitic Cloud           Conj/Pois/Air  82%        N/A       1%          3
 Portal Projectile        Hex/Tloc       100%       N/A       1%          3
 Spider Form              Tmut/Pois      37%        N/A       1%          3
 Static Discharge         Conj/Air       95%        N/A       1%          3
 Teleport Other           Tloc           81%        N/A       1%          3
 Vampiric Draining        Necr           47%        2d12      1%          3
 Animate Armour           Summ/Erth      100%       N/A       1%          4
 Animate Dead             Necr           47%        N/A       1%          4
 Dispel Undead            Necr           94%        3d30      1%          4
 Fulminant Prism          Conj/Hex       47%        3d21      1%          4
 Hailstorm                Conj/Ice       95%        3d19      1%          4
 Ice Form                 Ice/Tmut       74%        N/A       1%          4
 Iskenderun's Mystic Bla  Conj/Tloc      100%       2d19      1%          4
 Leda's Liquefaction      Hex/Erth       57%        N/A       1%          4
 Passage of Golubria      Tloc           N/A        N/A       1%          4
 Petrify                  Tmut/Erth      100%       N/A       1%          4
 Agony                    Necr           94%        N/A       1%          5
 Blade Hands              Tmut           47%        N/A       1%          5
 Borgnjor's Vile Clutch   Necr/Erth      66%        N/A       1%          5
 Excruciating Wounds      Necr           47%        N/A       1%          5
 Irradiate                Conj/Tmut      55%        3d32      1%          5
 Lightning Bolt           Conj/Air       47%        1d68      1%          5
 Manifold Assault         Tloc           81%        N/A       1%          5
 Iron Shot                Conj/Erth      73%        9d13      1%          6
 Starburst                Conj/Fire      60%        8x6d16    1%          6
 Conjure Ball Lightning   Conj/Air       47%        3x3d16    2%          6
 Death Channel            Necr           47%        N/A       2%          6
 Hydra Form               Tmut           47%        N/A       2%          6
 Call Canine Familiar     Summ           44%        N/A       3%          3
 Confusing Touch          Hex            44%        N/A       3%          3
 Frozen Ramparts          Ice            88%        1d10      3%          3
 Ozocubu's Armour         Ice            44%        N/A       3%          3
 Summon Guardian Golem    Hex/Summ       44%        N/A       3%          3
 Tukima's Dance           Hex            44%        N/A       3%          3
 Alistair's Intoxication  Tmut/Pois      49%        N/A       3%          5
 Yara's Violent Unravell  Hex/Tmut       37%        3d15      3%          5
 Ignition                 Fire           58%        3d16      3%          8
 Summon Forest            Summ/Tloc      33%        N/A       8%          5
 Dispersal                Tloc           40%        N/A       10%         6
 Freezing Cloud           Conj/Ice/Air   41%        6-21      10%         6
 Dragon Form              Tmut           47%        N/A       12%         7
 Spellforged Servitor     Conj/Summ      47%        N/A       12%         7
 Airstrike                Air            22%        N/A       13%         4
 Cause Fear               Hex            22%        N/A       13%         4
 Olgreb's Toxic Radiance  Pois           44%        N/A       13%         4
 Summon Ice Beast         Ice/Summ       44%        N/A       13%         4
 Summon Lightning Spire   Summ/Air       44%        N/A       13%         4
 Eringya's Noxious Bog    Tmut/Pois      37%        N/A       22%         6
 Simulacrum               Ice/Necr       37%        N/A       22%         6
 Shatter                  Erth           72%        3d53*     28%         9
 Metabolic Englaciation   Hex/Ice        22%        N/A       34%         5
 Silence                  Hex/Air        22%        N/A       34%         5
 Summon Mana Viper        Hex/Summ       44%        N/A       34%         5
 Chain Lightning          Conj/Air       47%        N/A       67%         8
 Necromutation            Tmut/Necr      47%        N/A       69%         8
 Borgnjor's Revivificati  Necr           47%        N/A       71%         8
 Infestation              Necr           47%        N/A       71%         8
 Haunt                    Necr/Summ      37%        N/A       77%         7
 Invisibility             Hex            44%        N/A       89%         6
 Shadow Creatures         Summ           N/A        N/A       89%         6
 Malign Gateway           Summ/Tloc      33%        N/A       94%         7
 Disjunction              Tloc           40%        N/A       99%         8
 Monstrous Menagerie      Summ           22%        N/A       100%        7
 Ozocubu's Refrigeration  Ice            22%        4d9       100%        7
 Summon Hydra             Summ           22%        N/A       100%        7
 Discord                  Hex            22%        N/A       100%        8
 Summon Horrible Things   Summ           22%        N/A       100%        8
 Absolute Zero            Ice            22%        ∞         100%        9
 Death's Door             Necr           47%        N/A       100%        9
 Dragon's Call            Summ           22%        N/A       100%        9
 Tornado                  Air            22%        N/A       100%        9


Dungeon Overview and Level Annotations

Branches:
Dungeon (1/1)

Altars:
Ashenzari
Cheibriados
Dithmenos
Elyvilon
Fedhas
Gozag
Hepliaklqana
Kikubaaqudgha
Makhleb
Nemelex Xobeh
Okawaru
Qazlal
Ru
Sif Muna
Trog
Uskayaw
Vehumet
Wu Jian
Xom
Yredelemnul
Zin
The Shining One
Beogh
Jiyva
Lugonu


Innate Abilities, Weirdness & Mutations

You have claws for hands.
You are completely covered in sharp spines.
You have an extremely huge brain. (Int +4)
Spells you cast and wands you use may paralyse nearby enemies.
You possess an exceptional clarity of mind.
Your mind is acute. (Int +2)


Message History

Unknown command.
You hit something but do no damage.
You shatter something!
You hit something but do no damage.
You shatter something.
Something touches you!
You hit something but do no damage.
You hear some strange, mumbled words.
You hit something but do no damage.
You shatter something!
You completely miss something. You block something's attack.
You completely miss something.
You hear some strange, mumbled words.
A bolt of acid appears from out of thin air!
The bolt of acid hits you!!
You are splashed with acid!
You hit something but do no damage. Something closely misses you.
You closely miss something.
Something touches you but does no damage.
You hit something but do no damage.
You hear some strange, mumbled words.
A crystal spear appears from out of thin air!
The crystal spear hits you!!!!
Ouch! That really hurt!
* * * LOW HITPOINT WARNING * * *
You feel much better. Something touches you!!
* * * LOW HITPOINT WARNING * * *
You feel drained.
* * * LOW HITPOINT WARNING * * *
Okay, then.
You feel much better.
You hear some strange, mumbled words.
A bolt of acid appears from out of thin air!
The bolt of acid misses you.
You hear some strange, mumbled words.
You are slowing down.
Something touches you.
You feel drained.
Your limbs are stiffening.
Something is blocking the doorway!
Something touches you but does no damage.
Something barely misses you.
You hear some strange, mumbled words.
A crystal spear appears from out of thin air!
The crystal spear hits you!!!!
You die...

######+##################
#.......................#
#.......................#
#######################'#
### ## #'# +..##.# #)#
#..{# #'# +#@.#+ #.#
##..## #'# +#..+# #.#
##..###'# ##..##.#
+#..##'# ##..###)# #+.)##
#'# #..'## #.#


There were no monsters in sight!

Vanquished Creatures
  Gloorx Vloq (D)
  Mara (D)
  A royal mummy (D)
  Frederick (D)
  Boris (D)
  2 bone dragons (D)
  An electric golem (D)
  A Hell Sentinel (D)
  2 liches (D)
  3 deep elf master archers (D)
  A deep elf blademaster (D)
  An acid blob (D)
  Frances (D)
  An Executioner (D)
  2 storm dragons (D)
  A sphinx (D)
  A rockslime (D)
  3 nagarajas (D)
  A shadow dragon (D)
  3 fire giants (D)
  A frost giant (D)
  A deep elf sorcerer (D)
  2 ghost moths (D)
  A balrug (D)
  2 orc warlords (D)
  An angel (D)
  A war gargoyle (D)
  3 ghouls (D)
  A stone giant (D)
  A green draconian (D)
  3 vampire knights (D)
  5 deep elf demonologists (D)
  An apis (D)
  An ophan (D)
  2 black draconians (D)
  2 dire elephants (D)
  2 deep elf annihilators (D)
  A yellow draconian (D)
  A lorocyproca (D)
  2 minotaurs (D)
  2 white draconians (D)
  A blizzard demon (D)
  An eidolon (D)
  A deep elf death mage (D)
  A green death (D)
  A yaktaur captain (D)
  A mummy priest (D)
  2 ice dragons (D)
  3 great orbs of eyes (D)
  2 vault guards (D)
  3 naga warriors (D)
  A deep elf high priest (D)
  2 spriggan air magi (D)
  A rakshasa (D)
  Erica (D)
  A catoblepas (D)
  A death knight (D)
  An alligator snapping turtle (D)
  An anaconda (D)
  A merfolk avatar (D)
  3 ogre magi (D)
  7 vampire magi (D)
  4 death yaks (D)
  A deep troll shaman (D)
  2 spriggan berserkers (D)
  6 hell knights (D)
  A soul eater (D)
  5 deep elf knights (D)
  2 shadow wraiths (D)
  10 skeletal warriors (D)
  A sea snake (D)
  A swamp dragon (D)
  2 cherubim (D)
  5 flayed ghosts (D)
  A deep troll (D)
  2 spriggan druids (D)
  A lindwurm (D)
  4 wizards (D)
  Pikel (D)
  2 necromancers (D)
  11 orc knights (D)
  2 deep elf pyromancers (D)
  An ugly thing (D)
  A manticore (D)
  2 wolf spiders (D)
  An eye of devastation (D)
  A gargoyle (D)
  An orange demon (D)
  A rust devil (D)
  A smoke demon (D)
  A guardian serpent (D)
  A cane toad (D)
  2 naga magi (D)
  2 unseen horrors (D)
  A kobold demonologist (D)
  2 hellwings (D)
  A yaktaur (D)
  3 freezing wraiths (D)
  2 efreet (D)
  2 ice devils (D)
  2 demonic crawlers (D)
  A guardian mummy (D)
  A red devil (D)
  A troll (D)
  A wind drake (D)
  2 jumping spiders (D)
  A polar bear (shapeshifter) (D)
  A tyrant leech (D)
  A merfolk (D)
  7 blink frogs (D)
  A snapping turtle (shapeshifter) (D)
  An air elemental (D)
  10 redbacks (D)
  A ynoxinul (D)
  A shadow (D)
  A basilisk (D)
  4 vampires (D)
  4 wraiths (D)
  A wyvern (D)
  2 neqoxecs (D)
  A steam dragon (D)
  2 nagas (D)
  An acid dragon (D)
  A warg (D)
  4 hell hounds (D)
  A swamp drake (D)
  2 floating eyes (D)
  2 orc warriors (D)
  2 ogres (D)
  A centaur (D)
  4 phantoms (D)
  4 lemures (D)
  2 bullfrogs (D)
  A bullfrog (shapeshifter) (D)
  A scorpion (D)
  3 orc priests (D)
  3 hounds (D)
  A gnoll shaman (D)
  2 orc wizards (D)
  3 hell rats (D)
  A mummy (D)
  3 gnolls (D)
  2 ufetubi (D)
  3 adder skeletons (D)
  5 adder zombies (D)
  2 worms (D)
  11 orcs (D)
  A ball python (D)
  4 bat skeletons (D)
  A bat zombie (D)
  A goblin (D)
  3 jackals (D)
  5 kobolds (D)
  2 ball python simulacra (D)
  A ball python skeleton (D)
  A ball python zombie (D)
  A bat (D)
  2 bat simulacra (D)
  2 frilled lizards (D)
  A giant cockroach simulacrum (D)
  A jackal skeleton (D)
  2 quokka skeletons (D)
  A quokka zombie (D)
  A rat (D)
333 creatures vanquished.

Vanquished Creatures (collateral kills)
  A blink frog (D)
1 creature vanquished.

Vanquished Creatures (others)
  A quokka skeleton (D)
  9 fire vortices (D)
10 creatures vanquished.

Grand Total: 344 creatures vanquished

Notes
Turn   | Place    | Note
-------+----------+-------------------------------------------
     0 | D        | rocky1 the Demonspawn Earth Elementalist began the quest
                  | for the Orb.
     0 | D        | Reached XP level 1. HP: 13/13 MP: 3/3
    14 | D        | Gained mutation: Spells you cast may paralyse adjacent
                  | enemies. [demonic ancestry]
    14 | D        | Reached XP level 2. HP: 19/19 MP: 1/5
    42 | D        | Found a bloodstained altar of Trog.
    42 | D        | Found a shimmering blue altar of Sif Muna.
    42 | D        | Found a viscous altar of Jiyva.
    42 | D        | Found a hazy altar of Hepliaklqana.
    42 | D        | Found an opulent altar of Gozag.
    43 | D        | Found a basalt altar of Yredelemnul.
    43 | D        | Found a shimmering altar of Xom.
    43 | D        | Found an ornate altar of the Wu Jian Council.
    43 | D        | Found a sacrificial altar of Ru.
    43 | D        | Found a stormy altar of Qazlal.
    43 | D        | Found an iron altar of Okawaru.
    43 | D        | Found a sparkling altar of Nemelex Xobeh.
    43 | D        | Found a burning altar of Makhleb.
    43 | D        | Found a blossoming altar of Fedhas.
    43 | D        | Found a shadowy altar of Dithmenos.
    43 | D        | Found a snail-covered altar of Cheibriados.
    45 | D        | Found a radiant altar of Vehumet.
    45 | D        | Found a corrupted altar of Lugonu.
    46 | D        | Found a hide-covered altar of Uskayaw.
    46 | D        | Found an ancient bone altar of Kikubaaqudgha.
    46 | D        | Found a broken altar of Ashenzari.
    48 | D        | Became a worshipper of Sif Muna the Loreminder
    81 | D        | Noticed a scorpion
    87 | D        | Killed a scorpion
    88 | D        | Gained mutation: You have an unusually large brain. (Int
                  | +2) [demonic ancestry]
    88 | D        | Reached XP level 3. HP: 17/24 MP: 4/6
   304 | D        | Reached * piety under Sif Muna
   307 | D        | Reached skill level 1 in Long Blades
   307 | D        | Reached ** piety under Sif Muna
   308 | D        | Reached XP level 4. HP: 25/31 MP: 3/7
   376 | D        | Noticed a phantom
   394 | D        | Killed a phantom
   395 | D        | Reached skill level 1 in Fighting
   395 | D        | Gained mutation: You are partially covered in sharp spines.
                  | [demonic ancestry]
   395 | D        | Reached XP level 5. HP: 35/38 MP: 3/8
   395 | D        | Reached *** piety under Sif Muna
   402 | D        | Learned a level 3 spell: Stone Arrow
   577 | D        | Noticed a phantom
   591 | D        | Killed a phantom
   591 | D        | Reached **** piety under Sif Muna
   592 | D        | Reached skill level 10 in Earth Magic
   592 | D        | Reached XP level 6. HP: 26/44 MP: 2/11
   725 | D        | Learned a level 5 spell: Lee's Rapid Deconstruction
   744 | D        | Reached skill level 5 in Invocations
   824 | D        | HP: 2/44 [something (25)]
   828 | D        | Killed a shadow wraith
   829 | D        | Gained mutation: You are mostly covered in sharp spines.
                  | [demonic ancestry]
   829 | D        | Reached XP level 7. HP: 29/49 MP: 7/16
   944 | D        | Learned a level 4 spell: Petrify
   953 | D        | Reached ***** piety under Sif Muna
   953 | D        | Identified Mukobut's Catalogue of Changing and the Birds
                  | (Sif Muna gifted it to you in the Dungeon)
   953 | D        | Received a gift from Sif Muna
   954 | D        | Reached skill level 1 in Transmutations
   955 | D        | Reached skill level 1 in Conjurations
   955 | D        | Gained mutation: Spells you cast may paralyse nearby
                  | enemies. [demonic ancestry]
   955 | D        | Reached XP level 8. HP: 57/57 MP: 6/18
  1029 | D        | Noticed Pikel
  1029 | D        | Noticed a deep troll
  1036 | D        | Killed a deep troll
  1037 | D        | Reached skill level 10 in Invocations
  1037 | D        | Killed Pikel
  1038 | D        | Gained mutation: You have sharp fingernails. [demonic
                  | ancestry]
  1038 | D        | Reached XP level 9. HP: 66/66 MP: 12/20
  1173 | D        | Noticed a gargoyle
  1174 | D        | Killed a gargoyle
  1175 | D        | Reached skill level 5 in Fighting
  1180 | D        | Identified Sif Muna's Compendium of Darkness and
                  | Confrontation (Sif Muna gifted it to you in the Dungeon)
  1180 | D        | Received a gift from Sif Muna
  1181 | D        | Reached skill level 5 in Conjurations
  1304 | D        | Killed a deep elf knight
  1305 | D        | Reached skill level 5 in Dodging
  1305 | D        | Reached skill level 5 in Transmutations
  1309 | D        | Noticed a cane toad
  1316 | D        | Killed a cane toad
  1316 | D        | Received a gift from Sif Muna
  1353 | D        | Noticed a freezing wraith
  1353 | D        | Noticed a freezing wraith
  1360 | D        | Killed a freezing wraith
  1361 | D        | Reached XP level 10. HP: 67/77 MP: 7/22
  1569 | D        | Noticed Erica
  1570 | D        | Identified Arikok's Tome of Creative Transmigration (Sif
                  | Muna gifted it to you in the Dungeon)
  1570 | D        | Received a gift from Sif Muna
  1573 | D        | Killed Erica
  1574 | D        | Noticed a death yak
  1578 | D        | Killed a death yak
  1608 | D        | Noticed a lindwurm
  1608 | D        | Noticed a spriggan druid
  1611 | D        | Killed a spriggan druid
  1612 | D        | Killed a lindwurm
  1646 | D        | Noticed a rust devil
  1646 | D        | Noticed a great orb of eyes
  1646 | D        | Noticed a deep elf pyromancer
  1650 | D        | Killed a rust devil
  1650 | D        | Received a gift from Sif Muna
  1650 | D        | Killed a deep elf pyromancer
  1651 | D        | Reached skill level 10 in Spellcasting
  1651 | D        | Reached XP level 11. HP: 87/87 MP: 10/25
  1652 | D        | Killed a great orb of eyes
  1788 | D        | Learned a level 2 spell: Blink
  1988 | D        | Noticed a sea snake
  1991 | D        | Identified Yvoorig's Catalogue of the Soldier (Sif Muna
                  | gifted it to you in the Dungeon)
  1991 | D        | Received a gift from Sif Muna
  1993 | D        | Killed a sea snake
  1995 | D        | Reached ****** piety under Sif Muna
  1995 | D        | Identified Sif Muna's Guide on the Harmful Escort (Sif Muna
                  | gifted it to you in the Dungeon)
  1995 | D        | Received a gift from Sif Muna
  2008 | D        | Killed a shadow wraith
  2008 | D        | Identified Eshriruga's Almanac of Cloudy Earth (Sif Muna
                  | gifted it to you in the Dungeon)
  2008 | D        | Received a gift from Sif Muna
  2222 | D        | Got the ring "Beseosm" {rF- Will++ Int+6 Dex+2}
  2264 | D        | Learned a level 5 spell: Borgnjor's Vile Clutch
  2271 | D        | Learned a level 6 spell: Iron Shot
  2277 | D        | Learned a level 5 spell: Bolt of Magma
  2426 | D        | Noticed a vampire mage
  2437 | D        | Killed a vampire mage
  2438 | D        | Reached skill level 1 in Necromancy
  2438 | D        | Reached skill level 1 in Translocations
  2438 | D        | Reached skill level 1 in Fire Magic
  2683 | D        | Noticed a deep elf pyromancer
  2684 | D        | Noticed an orc knight
  2685 | D        | Killed a deep elf pyromancer
  2688 | D        | Killed an orc knight
  2688 | D        | Identified Sif Muna's Handbook of the Traveller and Stones
                  | (Sif Muna gifted it to you in the Dungeon)
  2688 | D        | Received a gift from Sif Muna
  2707 | D        | Learned a level 6 spell: Statue Form
  2723 | D        | Noticed a spriggan druid
  2728 | D        | Killed a spriggan druid
  2743 | D        | Noticed a brown ugly thing
  2746 | D        | Received a gift from Sif Muna
  2747 | D        | Reached skill level 10 in Fighting
  2749 | D        | Killed a brown ugly thing
  2849 | D        | Noticed a deep elf annihilator
  2849 | D        | Noticed a dire elephant
  2849 | D        | Noticed a nagaraja
  2849 | D        | Noticed a death knight
  2849 | D        | Noticed a minotaur
  2850 | D        | Killed a death knight
  2850 | D        | Killed a minotaur
  2851 | D        | Reached skill level 10 in Conjurations
  2851 | D        | Reached skill level 15 in Earth Magic
  2851 | D        | Reached XP level 12. HP: 97/97 MP: 17/27
  2851 | D        | Killed a nagaraja
  2852 | D        | Reached skill level 5 in Necromancy
  2852 | D        | Killed a deep elf annihilator
  2852 | D        | Killed a dire elephant
  2852 | D        | Identified Sif Muna's Papyrus of Poisonous Stones (Sif Muna
                  | gifted it to you in the Dungeon)
  2852 | D        | Received a gift from Sif Muna
  3046 | D        | Noticed a deep elf demonologist
  3047 | D        | Found the +4 robe of Augmentation {Str+4 Int+4 Dex+4}
  3048 | D        | Noticed a catoblepas
  3053 | D        | Killed a deep elf demonologist
  3053 | D        | Noticed a great orb of eyes
  3054 | D        | Reached skill level 10 in Dodging
  3054 | D        | Killed a catoblepas
  3054 | D        | Identified Sif Muna's Collected Works on Venomous
                  | Transformation (Sif Muna gifted it to you in the Dungeon)
  3054 | D        | Received a gift from Sif Muna
  3055 | D        | Reached skill level 10 in Transmutations
  3055 | D        | Noticed a nagaraja
  3055 | D        | Noticed a deep elf demonologist
  3059 | D        | Killed a great orb of eyes
  3064 | D        | Killed a nagaraja
  3065 | D        | Noticed an alligator snapping turtle
  3068 | D        | Noticed a hell beast
  3069 | D        | Received a gift from Sif Muna
  3073 | D        | Killed an alligator snapping turtle
  3074 | D        | Killed a deep elf demonologist
  3075 | D        | Gained mutation: You have very sharp fingernails. [demonic
                  | ancestry]
  3075 | D        | Reached XP level 13. HP: 96/107 MP: 14/29
  3081 | D        | Identified Fethrizo's Catalogue of Confrontation and
                  | Execration (Sif Muna gifted it to you in the Dungeon)
  3081 | D        | Received a gift from Sif Muna
  3134 | D        | Identified Sif Muna's Volume of Creative Transmutation (Sif
                  | Muna gifted it to you in the Dungeon)
  3134 | D        | Received a gift from Sif Muna
  3138 | D        | Got Sif Muna's Papyrus of Bewitching Dislocation
  3228 | D        | Reached skill level 5 in Fire Magic
  3446 | D        | Killed a ghost moth
  3651 | D        | Noticed an orc warlord
  3651 | D        | Noticed an orc warlord
  3666 | D        | Reached skill level 1 in Evocations
  3670 | D        | Identified Sif Muna's Disquisition on Ghastly Moulding (Sif
                  | Muna gifted it to you in the Dungeon)
  3670 | D        | Received a gift from Sif Muna
  3676 | D        | Killed an orc warlord
  3692 | D        | Killed an orc warlord
  3693 | D        | Received a gift from Sif Muna
  3694 | D        | Reached skill level 15 in Invocations
  3733 | D        | Reached skill level 10 in Necromancy
  4092 | D        | Noticed a bone dragon
  4097 | D        | Killed a bone dragon
  4097 | D        | Identified Sif Muna's Papyrus of Evil Arts (Sif Muna gifted
                  | it to you in the Dungeon)
  4097 | D        | Received a gift from Sif Muna
  4420 | D        | Gained mutation: You have claws for hands. [demonic
                  | ancestry]
  4420 | D        | Reached XP level 14. HP: 90/118 MP: 20/31
  4532 | D        | Reached skill level 1 in Shields
  4682 | D        | Got the +4 rapier "Ciqucven" {flame, rF+++ rC+ Int+3 Dex-2}
  4769 | D        | Noticed a war gargoyle
  4774 | D        | Killed a war gargoyle
  4774 | D        | Received a gift from Sif Muna
  4840 | D        | Identified Sif Muna's Incunabulum of Flying Translocation
                  | (Sif Muna gifted it to you in the Dungeon)
  4840 | D        | Received a gift from Sif Muna
  4938 | D        | Noticed a lich
  4956 | D        | Noticed Frances
  4957 | D        | Killed a lich
  4958 | D        | Reached skill level 5 in Translocations
  4958 | D        | Killed Frances
  4959 | D        | Noticed a storm dragon
  4967 | D        | Reached skill level 5 in Shields
  4970 | D        | Killed a storm dragon
  4981 | D        | Identified Ramutul's Reference Book on Unstable Creation
                  | (Sif Muna gifted it to you in the Dungeon)
  4981 | D        | Received a gift from Sif Muna
  5284 | D        | Noticed a bone dragon
  5289 | D        | Killed a bone dragon
  5290 | D        | Reached skill level 10 in Fire Magic
  5313 | D        | Identified Sif Muna's Guide on Congealing Earth (Sif Muna
                  | gifted it to you in the Dungeon)
  5313 | D        | Received a gift from Sif Muna
  5333 | D        | Noticed a sphinx
  5337 | D        | Killed a sphinx
  5339 | D        | Got the Tome of the Shifting Blaze
  5372 | D        | Got the Incunabulum of Ice
  5377 | D        | Got the Incunabulum of Displaced Execration
  5382 | D        | Got Naocheopn's Catalogue of Confrontation and Displacement
  5397 | D        | Got the amulet of Ydwopp {Reflect *Slow rN+ Int+4 SH+5}
  5399 | D        | Got the amulet "Taergh" {RegenMP rElec rPois rC+ Str-3}
  5401 | D        | Got the amulet of Gonnec {Reflect rPois Str+4 SH+5 Stlth+}
  5403 | D        | Got the amulet of Ciostr Zufa {Spirit +Blink +Inv Dex+3
                  | Slay-5}
  5406 | D        | Got the ring of Silom {Will+ Str+6 Slay-4 SInv}
  5408 | D        | Got the ring "Pulominy" {rPois Dex+6 Stlth+}
  5410 | D        | Got the ring "Rewohi" {SInv Stlth+}
  5412 | D        | Got the amulet of Makhleb's Pride {Faith Stlth+}
  5414 | D        | Got the ring "Kofu" {rElec AC+4}
  5416 | D        | Got the ring "Urijizez" {MP+9 Dex+2}
  5419 | D        | Got the ring "Maumunum" {+Inv +Fly Str+7 Int+3}
  5421 | D        | Got the ring of Autumn {Wiz rElec rN+ Dex-5}
  5423 | D        | Got the ring "Ydwubeiz" {rF- rN+++ MP+9 Dex+4 Stlth+}
  5425 | D        | Got the ring of Yrepseuv {+Blink +Inv Int+4 SInv}
  5438 | D        | Got the ring "Myudd" {Wiz Will+++ MP-9 Dex-5 SInv}
  5440 | D        | Got the ring "Zoupim" {*Corrode +Fly rC++ rN+}
  5531 | D        | Got the ring of Arrival {rF++ Dex+6}
  5533 | D        | Got the ring of Butchery {*Drain Will+ EV+6 Str+9}
  5535 | D        | Got the ring "Exkamm" {rPois Str+6 Int+4}
  5537 | D        | Got the ring of Gozag's Pride {rPois Will+++ Str+6 Dex-5
                  | Stlth-}
  5540 | D        | Got the ring "Poed" {Will+ Str+6}
  5542 | D        | Got the ring "Rammul" {rN+ Str+6 Dex+4 Stlth+}
  5544 | D        | Got the ring of Unatuipp {rF+ MP+9 Str+3 Dex+4}
  5548 | D        | Got the ring of Uvurif {rC+ Will+ Int-4 Stlth+}
  5550 | D        | Got the ring "Obifol" {+Blink rElec rN+ Str-2 Stlth+}
  5553 | D        | Got the ring of Orthodoxy {rC+ Int+6}
  5790 | D        | Noticed a deep elf sorcerer
  5790 | D        | Killed a deep elf sorcerer
  5790 | D        | Gained mutation: Armour fits poorly on your strangely
                  | shaped body. [a neqoxec]
  5799 | D        | Identified Sif Muna's Papyrus of Damaging Air (Sif Muna
                  | gifted it to you in the Dungeon)
  5799 | D        | Received a gift from Sif Muna
  5801 | D        | Lost mutation: Armour fits poorly on your strangely shaped
                  | body. [potion of mutation]
  5801 | D        | Gained mutation: You are robust. (+10% HP) [potion of
                  | mutation]
  5801 | D        | Gained mutation: You are dopey. (Int -2) [potion of
                  | mutation]
  5801 | D        | Gained mutation: You have large cloven feet. [potion of
                  | mutation]
  5838 | D        | Lost mutation: You are dopey. (Int -2) [potion of mutation]
  5838 | D        | Lost mutation: You have large cloven feet. [potion of
                  | mutation]
  5838 | D        | Lost mutation: You are robust. (+10% HP) [potion of
                  | mutation]
  5838 | D        | Gained mutation: You possess an exceptional clarity of
                  | mind. [potion of mutation]
  5838 | D        | Gained mutation: Your mind is acute. (Int +2) [potion of
                  | mutation]
  5888 | D        | Reached skill level 15 in Fighting
  5888 | D        | Gained mutation: You are completely covered in sharp
                  | spines. [demonic ancestry]
  5888 | D        | Reached XP level 15. HP: 129/129 MP: 32/33
  5892 | D        | Noticed a frost giant
  5895 | D        | Killed a frost giant
  5896 | D        | Reached skill level 15 in Spellcasting
  5947 | D        | Noticed a fire giant
  5951 | D        | Killed a fire giant
  5952 | D        | Reached skill level 15 in Conjurations
  5952 | D        | Noticed a fire giant
  5954 | D        | Identified Sif Muna's Further Steps in Spellcraft (Sif Muna
                  | gifted it to you in the Dungeon)
  5954 | D        | Received a gift from Sif Muna
  5955 | D        | Killed a fire giant
  5961 | D        | Received a gift from Sif Muna
  5962 | D        | Reached skill level 5 in Long Blades
  5968 | D        | Reached skill level 5 in Stealth
  5968 | D        | Noticed a deep elf master archer
  5970 | D        | Killed a deep elf master archer
  5973 | D        | Received a gift from Sif Muna
  5973 | D        | Noticed Boris
  5977 | D        | Killed Boris
  5977 | D        | Received a gift from Sif Muna
  6078 | D        | Identified Sif Muna's Volume of Feathers and Translocation
                  | (Sif Muna gifted it to you in the Dungeon)
  6078 | D        | Received a gift from Sif Muna
  6080 | D        | Paralysed by a great orb of eyes for 7 turns
  6349 | D        | Noticed Mara
  6352 | D        | Noticed an acid blob
  6367 | D        | HP: 4/131 [spriggan air mage/the air (20)]
  6391 | D        | Received a gift from Sif Muna
  6872 | D        | Killed Mara
  7056 | D        | Gained mutation: Spells you cast and wands you use may
                  | paralyse nearby enemies. [demonic ancestry]
  7056 | D        | Reached XP level 16. HP: 135/138 MP: 35/36
  7081 | D        | Identified the +8 glaive "Guheycom" {freeze, +Rage rPois
                  | rN+++ Will-}
  7115 | D        | Killed an acid blob
  7115 | D        | Identified Fatsitei's Volume of Unholy Rites and the Oath
                  | (Sif Muna gifted it to you in the Dungeon)
  7115 | D        | Received a gift from Sif Muna
  7226 | D        | Got the Papyrus of Toxic Calling
  7402 | D        | Noticed a lich
  7405 | D        | HP: 4/126 [vampire mage/bolt of negative energy (15)]
  7408 | D        | Identified the +7 scimitar of Hoimnub {freeze, Dex+7}
  7656 | D        | Received a gift from Sif Muna
  7665 | D        | Reached skill level 1 in Staves
  7677 | D        | Reached skill level 5 in Evocations
  7688 | D        | Killed a lich
  7688 | D        | Received a gift from Sif Muna
  7752 | D        | Identified Sif Muna's Sorcery, Part Six (Sif Muna gifted it
                  | to you in the Dungeon)
  7752 | D        | Received a gift from Sif Muna
  7938 | D        | Identified Sif Muna's Grimoire of the Pill Bug (Sif Muna
                  | gifted it to you in the Dungeon)
  7938 | D        | Received a gift from Sif Muna
  7955 | D        | Reached skill level 5 in Staves
  7957 | D        | Reached skill level 15 in Fire Magic
  8039 | D        | Found the +6 shillelagh "Devastator" {shatter}
  8096 | D        | Got a silver rune of Zot
  8142 | D        | Got the +1 scale mail of Muoror {Harm Regen+ rCorr MP+9}
  8387 | D        | Learned a level 8 spell: Lehudib's Crystal Spear
  8395 | D        | Learned a level 7 spell: Orb of Destruction
  8405 | D        | Learned a level 9 spell: Fire Storm
  8427 | D        | Noticed a Hell Sentinel
  8430 | D        | Killed a Hell Sentinel
  8548 | D        | Noticed a royal mummy
  8551 | D        | Killed a royal mummy
  8774 | D        | Noticed a deep elf blademaster
  8776 | D        | Killed a deep elf blademaster
  8802 | D        | Noticed a deep elf master archer
  8804 | D        | Killed a deep elf master archer
  8890 | D        | Noticed an Executioner
  8890 | D        | Noticed Gloorx Vloq
  8892 | D        | Reached skill level 10 in Staves
  8893 | D        | Noticed an Executioner
  8893 | D        | Noticed an Executioner
  8894 | D        | Noticed an Executioner
  8895 | D        | Killed Gloorx Vloq
  8895 | D        | Killed an Executioner
  8896 | D        | Gained mutation: You have an extremely huge brain. (Int +4)
                  | [demonic ancestry]
  8896 | D        | Reached XP level 17. HP: 89/144 MP: 35/41
  9147 | D        | Noticed a deep elf master archer
  9148 | D        | Killed a deep elf master archer
  9160 | D        | Noticed an electric golem
  9168 | D        | Killed an electric golem
  9351 | D        | Noticed Frederick
  9358 | D        | Killed Frederick
  9427 | D        | Noticed an ancient lich
  9441 | D        | Killed from afar by an ancient lich

Illustrated notes

Levels and vault maps discovered:
D:        pitsprint [storerooms_1, entrance_room_1, metal_vault_1, armoury_1,
          mini_pit_1, grid_room_1, main_hall_1, silver_pit, the_coven_1,
          the_vestibule_1, steel_vault_2, golden_pit, hallway_of_sentries,
          crystal_vault_2, iron_vault_5, final_vault]

Skill      XL: |  1  2  3  4  5  6  7  8  9 10 11 12 13 14 15 16 17 |
---------------+----------------------------------------------------+-----
Earth Magic    | 4 7 9 10 12 13 14 15 16 17 19 20 | 20.4
Long Blades    | 1 2 3 7 |  7.1
Fighting       | 1 2 4 6 8 10 11 13 15 16 | 16.1
Invocations    | 3 8 9 10 11 13 14 15 | 15.2
Spellcasting   | 3 6 7 8 10 11 12 13 14 16 20 21 | 21.1
Dodging        | 2 4 5 7 9 10 12 13 14 | 14.9
Transmutations | 1 3 5 7 9 10 | 10.8
Conjurations   | 1 4 6 8 10 11 13 14 17 20 21 | 21.9
Necromancy     | 4 8 10 | 10.7
Translocations | 3 4 7 |  7.2
Fire Magic     | 3 4 7 10 13 17 18 | 18.9
Evocations     | 4 8 |  8.8
Shields        | 7 9 |  9.6
Stealth        | 2 7 |  7.2
Staves         | 11 12 | 12.0

Action                   |  1- 3 |  4- 6 |  7- 9 | 10-12 | 13-15 | 16-18 || total
-------------------------+-------+-------+-------+-------+-------+-------++-------
Melee: Falchion          |     6 |     2 |       |       |       |       ||     8
       Long sword        |       |     5 |     5 |     4 |       |       ||    14
       Scimitar          |       |       |       |     7 |    12 |       ||    19
       Staff             |       |       |       |       |       |    65 ||    65
 Cast: Sandblast         |     6 |    21 |     1 |     1 |     3 |       ||    32
       Lee's Rapid Decon |       |     4 |    16 |    67 |   139 |    56 ||   282
       Stone Arrow       |       |       |     1 |     2 |     5 |     1 ||     9
       Statue Form       |       |       |       |     1 |       |       ||     1
       Shatter           |       |       |       |     1 |       |       ||     1
       Lehudib's Crystal |       |       |       |     1 |     1 |    30 ||    32
       Fire Storm        |       |       |       |       |     4 |     1 ||     5
       Iron Shot         |       |       |       |       |       |     6 ||     6
       Blink             |       |       |       |       |       |     1 ||     1
       Borgnjor's Vile C |       |       |       |       |       |     1 ||     1
Invok: Channel Magic     |       |       |     2 |     6 |    15 |     5 ||    28
       Divine Exegesis   |       |       |       |     2 |     5 |     2 ||     9
Evoke: Condenser vane    |       |       |       |       |       |     1 ||     1
  Use: Potion            |     1 |     3 |       |     1 |     9 |     4 ||    18
       Scroll            |       |     1 |       |     4 |    13 |     4 ||    22
 Stab: Sleeping          |       |     1 |       |       |       |     1 ||     2
       Paralysed         |       |       |     4 |     3 |       |       ||     7
Armor: Robe              |       |     5 |       |     4 |     9 |    13 ||    31
       Skin              |       |       |       |     5 |       |       ||     5
Dodge: Dodged            |     3 |    11 |     3 |    21 |    21 |    58 ||   117
Block: Buckler           |       |       |       |       |     1 |    28 ||    29
       Rpst.: Falchion   |     1 |     1 |       |       |       |       ||     2
       Scimitar          |       |       |       |     4 |     1 |       ||     5

Table legend: (Time is in decaauts)
 A = Elapsed time spent in this place.
 B = Non-inter-level travel time spent in this place.
 C = Inter-level travel time spent in this place.
 D = Time resting spent in this place.
 E = Time spent auto-exploring this place.
 F = Levels seen in this place.
 G = Mean time per level.
                   A        B        C        D        E       F      G
               +--------+--------+--------+--------+--------+-----+--------+
         Total |   9475 |   9288 |    187 |   5147 |     82 |   1 | 9475.0 |
       Dungeon |   9475 |   9288 |    187 |   5147 |     82 |   1 | 9475.0 |
               +--------+--------+--------+--------+--------+-----+--------+

Top non-repeatable levels by time:
       D: 9475 daAuts
